 Dungeon Crawl Stone Soup version 0.29-a0-653-gd47aff6735 (webtiles) character file.

Game seed: 7630532037791932817

43 zeratav the Sneak (level 3, -1/17 HPs)
             Began as a Spriggan Arcane Marksman on June 21, 2022.
             Slain by an adder (2 damage)
             ... on level 2 of the Dungeon.
             The game lasted 00:02:04 (1271 turns).

zeratav the Sneak (Spriggan Arcane Marksman)        Turns: 1271, Time: 00:02:05

Health: -1/17      AC:  2    Str:  6    XL:     3   Next: 37%
Magic:  6/6        EV: 17    Int: 14    God:
Gold:   131        SH:  0    Dex: 17    Spells: 3/4 levels left

rFire   . . .      SeeInvis +   a - +0 shortbow {bow}
rCold   . . .      Faith    .   (shield currently unavailable)
rNeg    . . .      Spirit   .   b - +0 robe
rPois   .          Reflect  .   (helmet restricted)
rElec   .          Harm     .   (no cloak)
rCorr   .          Rampage  .   (gloves unavailable)
Will    .....                   (boots unavailable)
Stlth   +++.......              (no amulet)
HPRegen 0.05/turn               (no ring)
MPRegen 0.10/turn               (no ring)

@: very quick
A: very small, no large weapons, unfitting armour, see invisible, speed 3
a: no special abilities


You were on level 2 of the Dungeon.
You visited 1 branch of the dungeon, and saw 2 of its levels.

You collected 131 gold pieces.


Innate Abilities, Weirdness & Mutations

You are very small and have problems with some larger weapons.
You are too small for most types of armour.
You have supernaturally acute eyesight. (SInv)
You cover ground extremely quickly. (Speed+++)


   Skills:
 - Level 0.7 Fighting
 + Level 2.5 Bows
 - Level 2.6 Dodging
 - Level 5.0 Stealth
 - Level 1.3 Spellcasting
 - Level 3.6 Hexes


You had 3 spell levels left.
You knew the following spells:

 Your Spells              Type           Power      Damage    Failure   Level
a - Slow                  Hex            44%        N/A       6%          1

Your spell library contained the following spells:

 Spells                   Type           Power      Damage    Failure   Level
 Freeze                   Ice            0%         1d3       26%         1
 Sandblast                Erth           0%         2d4       26%         1
 Passwall                 Tmut/Erth      0%         N/A       36%         2
 Inner Flame              Hex/Fire       6%         N/A       36%         3
 Portal Projectile        Hex/Tloc       12%        N/A       36%         3
 Frozen Ramparts          Ice            0%         1d2       58%         3
 Stone Arrow              Conj/Erth      0%         3d7       58%         3
 Cause Fear               Hex            5%         N/A       50%         4
 Hailstorm                Conj/Ice       0%         3d3       94%         4

Inventory:

Hand Weapons
 a - a +0 shortbow (weapon) {bow}
 f - a +0 hunting sling of flaming {sling}
   (You found it on level 1 of the Dungeon)
 j - a +2 dagger of draining {short}
   (You took it off a goblin on level 1 of the Dungeon)
Armour
 b - a +0 robe (worn)
Jewellery
 d - a ring of flight
   (You found it on level 1 of the Dungeon)
Scrolls
 c - a scroll of vulnerability {!r!r}
 e - 3 scrolls of summoning {unknown}
 k - a scroll of teleportation {unknown}
 m - 2 scrolls of identify {unknown}
Potions
 g - 2 potions of berserk rage {unknown}
 h - 2 potions of heal wounds {unknown}
 i - 3 potions of curing {unknown}
 l - a potion of attraction {unknown}

Dungeon Overview and Level Annotations

Branches:
Dungeon (2/15) Zot: 10995

Altars:

#.########...#
#.# ##.##
##.###### #.#
........#
#.##########.#
##.####.#
#.†..........[
#.#
####.#.####..
#.# #.#.# #.#
#.#.# #.#
.#@.# #.# #
###S# #.# .#
##.. ##.###.
##.# ...#.. #
####.# ####.#
.....# ####.#


You could see an adder.


Message History

You shoot an arrow. The arrow hits the adder!
The adder hisses angrily.
You hear a shout!
You shoot an arrow. The arrow misses the adder.
The adder misses you. The adder bites you.
HP[-2]
You take 2 damage, and now have 15/17 hp.
You shoot an arrow. The arrow hits the adder!
You kill the adder!
A hobgoblin comes into view.
Training target 5.0 for Stealth reached!
Your Stealth skill increases to level 5!
You need to enable at least one skill for training.
You shoot an arrow. The arrow hits the hobgoblin.
You shoot an arrow. The arrow barely misses the hobgoblin.
The hobgoblin hits you.
HP[-3]
You take 3 damage, and now have 12/17 hp.
You are too injured to fight recklessly!
You are too injured to fight recklessly!
You are too injured to fight recklessly!
Okay, then.
Shoot: a) +0 shortbow {bow}
Press: ? - help, Q - select action, (/) - cycle Shift-Dir - straight line, f/p - hobgoblin
Aim: a hobgoblin (moderately wounded, 60% to hit)
You shoot an arrow. The arrow hits the hobgoblin.
The hobgoblin hits you.
* * * LOW HITPOINT WARNING * * *
The hobgoblin barely misses you.
Shoot: a) +0 shortbow {bow}
Press: ? - help, Q - select action, (/) - cycle Shift-Dir - straight line, f/p - hobgoblin
Aim: a hobgoblin (heavily wounded, 60% to hit)
You shoot an arrow.
The arrow hits the hobgoblin but does no damage.
The hobgoblin barely misses you.
HP[-5]
You take 5 damage, and now have 7/17 hp.
MASSIVE DAMAGE!! (PAUSE) Shoot: a) +0 shortbow {bow}
Press: ? - help, Q - select action, (/) - cycle Shift-Dir - straight line, f/p - hobgoblin
Aim: a hobgoblin (heavily wounded, 60% to hit)
You shoot an arrow.
The arrow hits the hobgoblin but does no damage.
The hobgoblin closely misses you. x2
Shoot: a) +0 shortbow {bow}
Press: ? - help, Q - select action, (/) - cycle Shift-Dir - straight line, f/p - hobgoblin
Aim: a hobgoblin (heavily wounded, 60% to hit)
You shoot an arrow. The arrow closely misses the hobgoblin.
The hobgoblin misses you.
Shoot: a) +0 shortbow {bow}
Press: ? - help, Q - select action, (/) - cycle Shift-Dir - straight line, f/p - hobgoblin
Aim: a hobgoblin (heavily wounded, 60% to hit)
You shoot an arrow. The arrow barely misses the hobgoblin.
The hobgoblin misses you.
An adder comes into view.
Shoot: a) +0 shortbow {bow}
Press: ? - help, Q - select action, (/) - cycle Shift-Dir - straight line, f/p - hobgoblin
Aim: a hobgoblin (heavily wounded, 60% to hit)
You shoot an arrow. The arrow barely misses the hobgoblin.
The hobgoblin closely misses you. The hobgoblin barely misses you.
HP[+1] Shoot: a) +0 shortbow {bow}
Press: ? - help, Q - select action, (/) - cycle Shift-Dir - straight line, f/p - hobgoblin
Aim: a hobgoblin (heavily wounded, 60% to hit)
You shoot an arrow. The arrow hits the hobgoblin.
You kill the hobgoblin!
The adder bites you.
* * * LOW HITPOINT WARNING * * *
You are poisoned.
The adder poisons you!
Shoot: a) +0 shortbow {bow}
Press: ? - help, Q - select action, (/) - cycle Shift-Dir - straight line, f - adder
Aim: an adder (42% to hit)
You shoot an arrow. The arrow closely misses the adder.
* * * LOW HITPOINT WARNING * * *
You feel sick. The adder completely misses you. x2
Shoot: a) +0 shortbow {bow}
Press: ? - help, Q - select action, (/) - cycle Shift-Dir - straight line, f/p - adder
Aim: an adder (42% to hit)
You shoot an arrow. The arrow misses the adder.
* * * LOW HITPOINT WARNING * * *
You feel sick. The adder completely misses you. The adder closely misses you.
Shoot: a) +0 shortbow {bow}
Press: ? - help, Q - select action, (/) - cycle Shift-Dir - straight line, f/p - adder
Aim: an adder (42% to hit)
You shoot an arrow. The arrow hits the adder.
* * * LOW HITPOINT WARNING * * *
You feel sick.
You are no longer poisoned.
The adder barely misses you. The adder misses you.
Shoot: a) +0 shortbow {bow}
Press: ? - help, Q - select action, (/) - cycle Shift-Dir - straight line, f/p - adder
Aim: an adder (heavily wounded, 42% to hit)
You shoot an arrow. The arrow hits the adder.
The adder closely misses you.
Shoot: a) +0 shortbow {bow}
Press: ? - help, Q - select action, (/) - cycle Shift-Dir - straight line, f/p - adder
Aim: an adder (severely wounded, 42% to hit)
You shoot an arrow. The arrow closely misses the adder.
The adder bites you.
You die...

Skill      XL: |  1  2  3 |
---------------+----------+-----
Stealth        | 2 4 5 |  5.0
Fighting       | |  0.7
Bows           | |  2.5
Dodging        | |  2.6
Spellcasting   | |  1.3
Hexes          | |  3.6

Action                   || total
-------------------------++-------
 Fire: Shortbow          ||   100
 Cast: Slow              ||     1
Armor: Robe              ||     1
Dodge: Dodged            ||    49

Levels and vault maps discovered:
D:1:      nicolae_arrival_memento_mori, layout_rooms,
          dreamdust_ecumenical_altar_drowned_temple
D:2:      layout_loops_ring, minmay_misc_feat_tiny,
          chequers_serial_rivers_micro_b, grunt_ministairs_4,
          minmay_crystal_water

Notes
Turn   | Place    | Note
-------+----------+-------------------------------------------
     0 | D:1      | zeratav the Spriggan Arcane Marksman began the quest for
                  | the Orb.
     0 | D:1      | Reached XP level 1. HP: 9/9 MP: 3/3
     0 | D:1      | magus.rc [v1.9.6]
    41 | D:1      | Reached skill level 1 in Stealth
    66 | D:1      | Reached skill level 2 in Stealth
   107 | D:1      | Found a faded altar of an unknown god.
   124 | D:1      | Reached XP level 2. HP: 14/14 MP: 5/5
   176 | D:1      | Reached skill level 3 in Stealth
   203 | D:1      | You pick up a book of Frost and begin reading...
   203 | D:1      | You add the spells Freeze, Frozen Ramparts and Hailstorm to
                  | your library.
   262 | D:1      | You pick up a book of Geomancy and begin reading...
   262 | D:1      | You add the spells Sandblast, Passwall and Stone Arrow to
                  | your library.
   640 | D:2      | Reached skill level 4 in Stealth
   715 | D:2      | HP: 3/14 [ball python (1)]
  1053 | D:2      | Reached XP level 3. HP: 17/17 MP: 6/6
  1258 | D:2      | Reached skill level 5 in Stealth
  1267 | D:2      | HP: 3/17 [poisoned by an adder]
  1269 | D:2      | HP: 1/17 [poisoned by an adder]
  1271 | D:2      | Slain by an adder

Vanquished Creatures
  An adder (D:2)
  A worm (D:2)
  A dart slug (D:1)
  2 endoplasms (D:1)
  6 hobgoblins
  A quokka (D:2)
  2 ball pythons
  2 bats (D:2)
  2 frilled lizards
  5 goblins
  2 kobolds (D:1)
  3 rats (D:1)
  A spectral goblin (D:1)
29 creatures vanquished.

Table legend:
 A = Non-vault XP
 B = Vault XP
 C = Vault XP percentage of total XP
 D = Non-vault monster count
 E = Vault monster count
 F = Vault count percentage of total count
                 A         B        C        D         E       F
            +---------+---------+-------+---------+---------+-------
      Total |      61 |       1 |   1.6 |      28 |       1 |   3.4
            +---------+---------+-------+---------+---------+-------
        D:1 |      27 |       1 |   3.6 |      17 |       1 |   5.6
        D:2 |      34 |       0 |   0.0 |      11 |       0 |   0.0
            +---------+---------+-------+---------+---------+-------

Illustrated notes

Table legend:
 A = Kills in this place as a percentage of kills in entire the game.
 B = Kills by you in this place as a percentage of kills by you in the entire game.
 C = Kills by friends in this place as a percentage of kills by friends in the entire game.
 D = Other kills in this place as a percentage of other kills in the entire game.
 E = Experience gained in this place as a percentage of experience gained in the entire game.
 F = Experience gained in this place divided by the number of levels of this place that you have seen.
                   A       B       C       D       E      F
               +-------+-------+-------+-------+-------+----------------------
         Total | 100.0 | 100.0 |   N/A |   N/A | 100.0 |  31.0
       Dungeon | 100.0 | 100.0 |   N/A |   N/A | 100.0 |  31.0
               +-------+-------+-------+-------+-------+----------------------

Table legend: (Time is in decaauts)
 A = Elapsed time spent in this place.
 B = Non-inter-level travel time spent in this place.
 C = Inter-level travel time spent in this place.
 D = Time resting spent in this place.
 E = Time spent auto-exploring this place.
 F = Levels seen in this place.
 G = Mean time per level.
                   A        B        C        D        E       F      G
               +--------+--------+--------+--------+--------+-----+--------+
         Total |   1003 |    987 |     16 |      0 |    815 |   2 |  501.5 |
       Dungeon |   1003 |    987 |     16 |      0 |    815 |   2 |  501.5 |
               +--------+--------+--------+--------+--------+-----+--------+

Top non-repeatable levels by time:
     D:2: 560 daAuts
     D:1: 442 daAuts
